 Dungeon Crawl Stone Soup version 0.25.0-9-g26727b657a (webtiles) character file.

Game seed: 10453721070239559037

78 sanka the Sneak (level 4, -2/30 HPs)
             Began as a Mummy Enchanter on June 21, 2020.
             Slain by a bullfrog (3 damage)
             ... on level 3 of the Dungeon.
             The game lasted 00:07:32 (3360 turns).

sanka the Sneak (Mummy Enchanter)                   Turns: 3360, Time: 00:07:33

Health: -2/30      AC:  2    Str: 11    XL:     4   Next: 15%
Magic:  0/8        EV: 12    Int: 15    God:
Gold:   91         SH:  0    Dex: 12    Spells: 3/9 levels left

rFire    x . .     SeeInvis .   a - +1 dagger
rCold    + . .     Gourm    .   (no shield)
rNeg     + + +     Faith    .   b - +0 robe
rPois    ∞         Spirit   .   (no helmet)
rElec    .         Reflect  .   (no cloak)
rCorr    .         Harm     .   (no gloves)
MR       .....                  (no boots)
Stlth    ++........             (no amulet)
HPRegen  0.10/turn              (no ring)
MPRegen  0.11/turn              (no ring)

@: very slightly contaminated
A: no food or potions, fire vulnerability, cold resistance 1, negative energy
resistance 3, torment resistance, unbreathing
a: no special abilities


You were on level 3 of the Dungeon.
You were not hungry.

You visited 1 branch of the dungeon, and saw 3 of its levels.

You collected 91 gold pieces.


Innate Abilities, Weirdness & Mutations

You do not eat or drink.
Your flesh is vulnerable to fire.
You are immune to poison.
Your flesh is cold resistant. (rC+)
You are immune to negative energy. (rN+++)
You are immune to unholy pain and torment.
You can survive without breathing.


   Skills:
 - Level 2.0 Short Blades
 - Level 1.5 Dodging
 - Level 3.2 Stealth
 - Level 3.0 Spellcasting
 + Level 3.2 Hexes


You had 3 spell levels left.
You knew the following spells:

 Your Spells              Type           Power        Failure   Level  Hunger
z - Ensorcelled Hibernat  Hex/Ice        #.....       16%         2    N/A
X - Confusing Touch       Hex            ##......     16%         3    N/A
Z - Corona                Hex            ##.....      5%          1    N/A

Your spell library contained the following spells:

 Spells                   Type           Power        Failure   Level  Hunger
 Tukima's Dance           Hex            ##......     16%         3    N/A
 Dazzling Flash           Conj/Hex       #.....       30%         3    N/A

Inventory:

Hand Weapons
 a - a +1 dagger (weapon)
Missiles
 d - 16 poisoned darts (quivered)
 e - 119 stones
Armour
 b - a +0 robe (worn)
 l - a +0 helmet
Wands
 j - a wand of flame (17)
Scrolls
 c - 5 scrolls of teleportation {unknown}
 f - 2 scrolls of remove curse {unknown}
 g - a scroll of identify {unknown}
 h - 2 scrolls of fog {unknown}
 i - 2 scrolls of magic mapping {unknown}
 k - a scroll of enchant weapon {unknown}

Dungeon Overview and Level Annotations

Branches:
Dungeon (3/15)

Altars:

........▒▒▒▒▒▒▒▒▒▒▒
.......h▒.........▒
........▒.▒▒▒▒▒▒▒.▒
........▒.........▒
......S.S.....▒▒..▒
........▒..▒▒.▒▒..▒
........▒..▒▒.▒▒..▒
........▒....F.†..▒
........▒▒.▒▒▒M▒.▒▒
....▒▒▒▒▒▒.▒ ▒.▒.▒
▒+▒▒ ▒.. ....▒
▒▒▒▒▒.▒▒▒ ▒.▒ ▒.▒
▒.▒ ...


You could see a bullfrog.


Message History

Nothing appears to happen.
The bullfrog misses you. The bullfrog barely misses you.
Evoke which item? (* to show all) (? for menu, Esc to quit)
Aiming: Throw Flame
Aim: a bullfrog The puff of flame hits the bullfrog.
The bullfrog is moderately wounded.
The bullfrog barely misses you.
Evoke which item? (* to show all) (? for menu, Esc to quit)
Aiming: Throw Flame
Aim: a bullfrog (moderately wounded)
The puff of flame hits the bullfrog.
The bullfrog is heavily wounded.
The bullfrog hits you.
* * * LOW HITPOINT WARNING * * *
The bullfrog closely misses you.
Evoke which item? (* to show all) (? for menu, Esc to quit)
Aiming: Throw Flame
Aim: a bullfrog (heavily wounded)
The puff of flame misses the bullfrog.
The bullfrog barely misses you.
Evoke which item? (* to show all) (? for menu, Esc to quit)
Aiming: Throw Flame
Aim: a bullfrog (heavily wounded)
The puff of flame hits the bullfrog.
The bullfrog is severely wounded.
The bullfrog barely misses you. The bullfrog hits you.
You die...

Action                   |  1- 3 |  4- 6 || total
-------------------------+-------+-------++-------
Melee: Dagger            |   121 |     2 ||   123
 Cast: Corona            |     9 |       ||     9
       Ensorcelled Hiber |    37 |     5 ||    42
       Confusing Touch   |     1 |       ||     1
Evoke: Wand              |       |     4 ||     4
 Stab: Sleeping          |    20 |     2 ||    22
       Confused          |     1 |       ||     1
Armor: Robe              |    22 |       ||    22
Dodge: Dodged            |   107 |    14 ||   121

Levels and vault maps discovered:
D:1:      minmay_arrival_jagged, layout_basic
D:2:      layout_basic, grunt_decor_cap, uniq_robin
D:3:      layout_loops_corners, old_standard_altar, minmay_misc_feat_doors

Notes
Turn   | Place    | Note
-------+----------+-------------------------------------------
     0 | D:1      | sanka the Mummy Enchanter began the quest for the Orb.
     0 | D:1      | Reached XP level 1. HP: 13/13 MP: 4/4
   325 | D:1      | Reached skill level 1 in Short Blades
   521 | D:1      | Reached XP level 2. HP: 14/19 MP: 3/5
   618 | D:1      | Reached skill level 3 in Spellcasting
   734 | D:1      | Learned a level 2 spell: Ensorcelled Hibernation
  1031 | D:1      | Reached skill level 3 in Hexes
  1481 | D:2      | Reached XP level 3. HP: 23/24 MP: 4/7
  1676 | D:2      | Noticed Robin
  1746 | D:1      | Reached skill level 3 in Stealth
  1963 | D:2      | Learned a level 3 spell: Confusing Touch
  2646 | D:2      | HP: 2/24 [Robin/+0 short sword (6)]
  2649 | D:2      | Killed Robin
  2649 | D:2      | Reached skill level 2 in Short Blades
  3110 | D:2      | Reached XP level 4. HP: 13/30 MP: 2/8
  3305 | D:3      | Noticed a bullfrog
  3358 | D:3      | HP: 1/30 [bullfrog (6)]
  3360 | D:3      | Slain by a bullfrog

Vanquished Creatures
  Robin (D:2)
  2 adders
  A dart slug (D:1)
  2 giant cockroaches
  14 goblins
  4 hobgoblins
  2 jackals
  A quokka (D:2)
  5 bats (D:1)
  4 frilled lizards
  6 kobolds
  A rat (D:2)
43 creatures vanquished.
